 Dungeon Crawl Stone Soup version 0.18-a0-844-g9229740 (webtiles) character file.

5 4thArraOfDagon the Gusty (level 1, -1/7 HPs)
             Began as a Felid Air Elementalist on Dec 18, 2015.
             Slain by a hobgoblin
             ... wielding a +0 club
              (5 damage)
             ... on level 2 of the Dungeon.
             The game lasted 00:01:11 (234 turns).

4thArraOfDagon the Gusty (Felid Air Elementalist)    Turns: 234, Time: 00:01:12

Health: -1/7       AC:  1    Str:  4    XL:     1   Next: 66%
Magic:  2/4        EV: 18    Int: 18    God:
Gold:   0          SH:  0    Dex: 16    Spells: 1 memorised, 3 levels left
                                        Lives:  0   Deaths: 0

rFire  . . .     SeeInvis +     (weapon unavailable)
rCold  . . .     Gourm    .     (armour unavailable)
rNeg   . . .     Faith    .     (shield unavailable)
rPois  .         Spirit   .     (helmet unavailable)
rElec  .         Dismiss  .     (cloak unavailable)
rCorr  .         Reflect  .     (gloves unavailable)
SustAt .         Harm     .     (boots unavailable)
MR     +....                    (no amulet)
Stlth  +++.......               j - ring of protection from magic
                                d - +2 ring of intelligence

@: very slightly contaminated, quick, somewhat resistant to hostile
enchantments, fairly stealthy
A: no armour, no weapons or thrown items, claws 1, fangs 3, see invisible,
carnivore 3, speed 1, shaggy fur 1, slow metabolism 1, sharp paws
a: no special abilities


You were on level 2 of the Dungeon.
You were completely stuffed.

You visited 1 branch of the dungeon, and saw 2 of its levels.

Inventory:

Jewellery
 d - a +2 ring of intelligence (left paw)
 j - a ring of protection from magic (right paw)
Scrolls
 c - a scroll of immolation {unknown}
 e - a scroll of identify {unknown}
 i - a scroll of remove curse {unknown}
Potions
 f - a potion of flight {unknown}
 g - a potion of curing {unknown}
Books
 a - a book of Air

   Spells                             Type                      Level
   a - Shock                          Conjuration/Air              1
   b - Swiftness                      Charms/Air                   2
   c - Repel Missiles                 Charms/Air                   2
   d - Static Discharge               Conjuration/Air              3
   e - Lightning Bolt                 Conjuration/Air              5
Comestibles
 b - a meat ration
 h - a beef jerky


   Skills:
 - Level 2.6 Dodging
 - Level 2.6 Stealth
 - Level 2.0 Spellcasting
 * Level 1.2 Conjurations
 * Level 2.9 Air Magic


You had 3 spell levels left.
You knew the following spells:

 Your Spells              Type           Power        Failure   Level  Hunger
a - Shock                 Conj/Air       #...         10%         1    #......


Dungeon Overview and Level Annotations

Branches:
Dungeon (2/15)

Altars:
Fedhas


Innate Abilities, Weirdness & Mutations

You cannot wear armour.
You are incapable of wielding weapons or throwing items.
You have sharp claws.
You have razor-sharp teeth.
You have supernaturally acute eyesight.
You are carnivorous and can eat meat at any time.
You cover ground quickly.
You are covered in fur (AC +1).
You have a slow metabolism.
Your sharp claws are effective at attacking unaware monsters.


Message History

You scratch the hobgoblin.
The hobgoblin is heavily wounded.
The hobgoblin closely misses you.
Casting: Shock
Confirm with . or Enter, or press ? or * to list all spells.
Aiming: Shock
Press: ? - help, Shift-Dir - straight line, f - hobgoblin
Aim: a hobgoblin, wielding a club (heavily wounded)
You miscast Shock.
You are very lightly contaminated with residual magic.
Wisps of smoke drift from your paws.
Found a dagger.
Casting: Shock
Confirm with . or Enter, or press ? or * to list all spells.
Aiming: Shock
Press: ? - help, Shift-Dir - straight line, p - hobgoblin The zap misses the hobgoblin. x2
The hobgoblin hits you with a club.
Ouch! That really hurt!
You die...

#.#............#
#.#...........##
#.##...........#
#.##.#........#
#........#...##
####...)....## ####
###...########.....
#.......g.....)..
####...#####@.#..#.
...............#
.................
...............#.#
##..#####......#.#
#.. #.####.... #..
#.# ... # # ### ..#


You could see a hobgoblin.

Vanquished Creatures
  A goblin (D:2)
  2 hobgoblins (D:1)
  A quokka (D:2)
4 creatures vanquished.

Notes
Turn   | Place    | Note
--------------------------------------------------------------
     0 | D:1      | 4thArraOfDagon the Felid Air Elementalist began the quest for the Orb.
     0 | D:1      | Reached XP level 1. HP: 7/7 MP: 4/4
    41 | D:1      | Reached skill level 1 in Conjurations
   152 | D:2      | Found a blossoming altar of Fedhas.
   234 | D:2      | Slain by a hobgoblin

Vault maps used:
D:1:      lightli_arrival_farm
D:2:      nicolae_overflow_crystal_walls, fedhas_altar_1,
          kennysheep_generic_room_7, uniq_crazy_yiuf_cottage

Action                   || total
-------------------------++-------
Melee: Unarmed           ||    14
 Cast: Shock             ||     1
 Stab: Sleeping          ||     4
  Eat: Chunk             ||     6
